 Dungeon Crawl Stone Soup version 0.30-b1-2-g02819fbbbe (webtiles) character file.

Game seed: 17670176389860705454

8 Alarkh the Shooter (level 2, 22/22 HPs)
             Began as a Demonspawn Hunter on May 25, 2023.
             Got out of the dungeon alive.
             The game lasted 00:00:12 (270 turns).

Alarkh the Shooter (Demonspawn Hunter)               Turns: 270, Time: 00:00:13

Health: 22/22      AC:  5    Str: 11    XL:     2   Next: 0%
Magic:  2/2        EV: 11    Int: 10    God:
Gold:   16         SH:  0    Dex: 16    Spells: 1/1 levels left

rFire   . . .        a - +0 shortbow
rCold   . . .        (shield currently unavailable)
rNeg    . . .        c - +0 leather armour
rPois   .            (no helmet)
rElec   .            (no cloak)
rCorr   .            (no gloves)
SInv    .            (no boots)
Will    .....        (no amulet)
Stlth   +            (no ring)
HPRegen 0.23/turn    (no ring)
MPRegen 0.08/turn

%: no passive effects
@: no status effects
A: yellow scales 1
a: no special abilities


You escaped.
You visited 1 branch of the dungeon, and saw 1 of its levels.

You collected 16 gold pieces.

Inventory:

Hand Weapons
 a - a +0 shortbow (weapon)
Armour
 c - a +0 leather armour (worn)
Scrolls
 b - a scroll of immolation
 d - a scroll of torment {unknown}
 e - a scroll of poison {unknown}
 h - a scroll of fear {unknown}
Potions
 f - a potion of resistance {unknown}
 g - a potion of attraction {unknown}


   Skills:
 - Level 2.0 Fighting
 + Level 4.0 Ranged Weapons
 - Level 1.7 Dodging
 - Level 0.8 Stealth


You had one spell level left.
You didn't know any spells.
Your spell library was empty.

Dungeon Overview and Level Annotations

Branches:
Dungeon (1/15)

Altars:


Innate Abilities, Weirdness & Mutations

You are partially covered in yellow scales. (AC +2)


Message History

No target in view!
Found a faded altar of an unknown god.
There is an open door here.
You open the door.
A ball python comes into view.
Found an escape hatch in the floor.
You shoot an arrow. The arrow hits the ball python.
The ball python hisses angrily.
The ball python is moderately wounded.
You shoot an arrow. The arrow hits the ball python!
You kill the ball python!
Your Ranged Weapons skill increases to level 4!
No target in view!
There is an open door here.
You see here a ball python corpse.
You open the door.
There is an open door here.
A giant cockroach comes into view.
A giant cockroach is nearby!
You shoot an arrow. The arrow hits the giant cockroach.
You kill the giant cockroach!
You have reached level 2!
Your demonic ancestry asserts itself...
Yellow scales grow over part of your body.
Found a stone staircase leading down.
Found a hand axe.
There is an open door here.
There is an open door here.
Things that are here:
a +0 club; a goblin corpse
There is an open door here.
There is an open door here.
There is an open door here.
There is an open door here.
There is an open door here.
You open the gate.
There is an open gate here.
There is a staircase leading out of the dungeon here.
Are you sure you want to leave the Dungeon?
This will make you lose the game!
You have escaped!

##+## ##...##
##.....##
##.......##
#.........####...
+................
#..##'''##.#.#...
##.#.....#...#
#.#..@..#..##
#.#.....#.##
#.#.....#.#
#.##'''##.#
#.........####
##......##...#
#+#..###..#+#
##.....##.##
##..###...##


There were no monsters in sight!

Vanquished Creatures
  A ball python (D:1)
  A bat (D:1)
  A giant cockroach (D:1)
  A goblin (D:1)
  A hobgoblin (D:1)
  A quokka (D:1)
6 creatures vanquished.

Notes
Turn   | Place    | Note
-------+----------+-------------------------------------------
     0 | D:1      | Alarkh the Demonspawn Hunter began the quest for the Orb.
     0 | D:1      | Reached XP level 1. HP: 16/16 MP: 1/1
   161 | D:1      | Found a faded altar of an unknown god.
   168 | D:1      | Reached skill level 4 in Ranged Weapons
   201 | D:1      | Gained mutation: You are partially covered in yellow
                  | scales. (AC +2) [demonic ancestry]
   201 | D:1      | Reached XP level 2. HP: 22/22 MP: 2/2
   270 | D:$      | Got out of the dungeon alive.

Illustrated notes

Levels and vault maps discovered:
D:1:      dpeg_arrival_windows_large_door, layout_loops_corners,
          shapermc_ecumenical_altar_notcrosses, nicolae_hexahallways

Skill      XL: |  1 |
---------------+----+-----
Ranged Weapons | 4 |  4.0
Fighting       | |  2.0
Dodging        | |  1.7
Stealth        | |  0.8

Action                     || total
---------------------------++-------
   Fire: Shortbow          ||    12
 Armour: Leather armour    ||     1
  Dodge: Dodged            ||     3
